 Dungeon Crawl Stone Soup version 0.30-a0-329-g85436e0a43 (webtiles) character file.

Game seed: 280192121974380970

93 Zonian the Magician (level 4, 0/31 HPs)
             Began as a Djinni Ice Elementalist on Oct 28, 2022.
             Slain by a goblin
             ... wielding a +0 dagger
              (3 damage)
             ... on level 2 of the Dungeon.
             The game lasted 00:05:43 (3148 turns).

Zonian the Magician (Djinni Ice Elementalist)       Turns: 3148, Time: 00:05:45

Health: 0/31       AC:  2    Str:  6 (7)  XL:     4   Next: 91%
Gold:   63         EV: 12    Int: 16 (19) God:
                   SH:  0    Dex: 11 (13)

rFire   + + .      SeeInvis .    d - +0 short sword
rCold   x . .      Faith    .    (no shield)
rNeg    . . .      Spirit   .    a - +0 robe
rPois   ∞          Reflect  .    (no helmet)
rElec   .          Harm     .    (no cloak)
rCorr   .          Rampage  .    (no gloves)
Will    .....                    (boots unavailable)
Stlth   ++........               (no amulet)
HPRegen 0.25/turn                (no ring)
MPRegen 0.00/turn                (no ring)

@: attractive, flying, slowed, very slow
A: sickness immunity, fire resistance 2, cold vulnerability 1, float, innate
caster, HP casting, extra vitality 1
a: no special abilities


You were on level 2 of the Dungeon.
You visited 1 branch of the dungeon, and saw 2 of its levels.

You collected 63 gold pieces.

Inventory:

Hand Weapons
 d - a +0 short sword (weapon)
Missiles
 b - 9 poisoned darts
Armour
 a - a +0 robe (worn)
Scrolls
 i - a scroll of poison {unknown}
 j - a scroll of amnesia {unknown}
 k - 2 scrolls of identify {unknown}
Potions
 g - a potion of might
 h - a potion of attraction


   Skills:
 - Level 3.4 Dodging
 - Level 2.6 Stealth
 + Level 3.7 Spellcasting


You couldn't memorise any spells.
You knew the following spells:

 Your Spells              Type           Power      Damage    Failure   Level
a - Freeze                Ice            60%        1d7       3%          1
b - Frozen Ramparts       Ice            30%        1d5       11%         3
c - Ozocubu's Armour      Ice            15%        N/A       11%         3
d - Summon Ice Beast      Ice/Summ       15%        N/A       36%         4
e - Apportation           Tloc           30%        N/A       3%          1
Your spell library was empty.

Dungeon Overview and Level Annotations

Branches:
Dungeon (2/15)

Altars:

Annotations:
D:2 Natasha, Sigmund


Innate Abilities, Weirdness & Mutations

You are immune to sickness and miasma.
You are immune to poison.
Your flesh is very heat resistant. (rF++)
You are vulnerable to cold. (rC-)
You float through the air rather than walking.
You learn spells naturally, not from books.
Your magical power is your life essence.
You have superior vitality. (+4 MHP)


Message History

Aim: Natasha You freeze Natasha.
Natasha is moderately wounded.
The goblin misses you.
Natasha drinks a potion.
Natasha seems to grow stronger.
The goblin hits you with a +0 dagger. Natasha claws you!
It was a potion of flight.
You feel more buoyant. The goblin hits you with a +0 dagger.
* * * LOW HITPOINT WARNING * * *
Natasha closely misses you.
It was a potion of attraction.
You feel attractive to monsters. The goblin hits you but does no damage.
Natasha claws you.
* * * LOW HITPOINT WARNING * * *
The endoplasm barely misses you. The goblin misses you.
Natasha closely misses you.
It was a potion of degeneration.
There was something very wrong with that liquid.
You feel weakened.
You feel dopey.
You feel clumsy. The endoplasm hits you.
* * * LOW HITPOINT WARNING * * *
The goblin hits you with a +0 dagger.
* * * LOW HITPOINT WARNING * * *
Natasha claws you.
* * * LOW HITPOINT WARNING * * *
The endoplasm barely misses you.
This is a scroll of acquirement!
Something appears before you! The goblin barely misses you. Natasha misses you.
The endoplasm barely misses you. The goblin misses you.
Natasha barely misses you.
Casting: Freeze (safe; 3% risk of failure)
Confirm with . or Enter, or press ? or * to list all spells.
Aiming: Freeze (safe; 3% risk of failure)
Press: ? - help, Shift-Dir - straight line, f/p - Natasha
Aim: Natasha (moderately wounded, strong)
You freeze Natasha.
Natasha is moderately wounded.
* * * LOW HITPOINT WARNING * * *
The endoplasm barely misses you. The goblin hits you with a +0 dagger.
You die...

#......# ###......# #
#####8.8.....#..
#...............
##.#8.....8#....
...?..._......#
#.###8J8...8####
#.....g@h......#
#######8.8.#>..#
........#.#.#########
#####...#.#.##..#.#..
#...#.#.##..#....
#...#.#.##..#....
#...#.#.##..#....
##.##.#.....#†...
#.####.......


You could see Natasha (strong), an endoplasm and a goblin.

Vanquished Creatures
  Natasha (D:2)
  A gnoll (D:1)
  An adder (D:2)
  A worm (D:2)
  A dart slug (D:1)
  3 endoplasms
  3 giant cockroaches
  2 goblins
  2 hobgoblins
  4 jackals (D:1)
  4 kobolds (D:1)
  2 quokkas (D:2)
  4 ball pythons
  3 bats (D:1)
  4 frilled lizards
  12 rats
48 creatures vanquished.

Notes
Turn   | Place    | Note
-------+----------+-------------------------------------------
     0 | D:1      | Zonian the Djinni Ice Elementalist began the quest for the
                  | Orb.
     0 | D:1      | Zonian set off with the following spells memorised: Freeze,
                  | Frozen Ramparts, Ozocubu's Armour, Summon Ice Beast.
     0 | D:1      | Reached XP level 1. HP: 15/15 MP: 0/0
   104 | D:1      | Reached XP level 2. HP: 11/21 MP: 0/0
  1066 | D:1      | Reached XP level 3. HP: 22/25 MP: 0/0
  1066 | D:1      | Learned a level 1 spell: Apportation
  1721 | D:2      | Noticed Sigmund
  2075 | D:2      | Reached XP level 4. HP: 29/31 MP: 0/0
  2319 | D:2      | Noticed Natasha
  2325 | D:2      | Killed Natasha
  3131 | D:2      | Found a faded altar of an unknown god.
  3136 | D:2      | Noticed Natasha
  3147 | D:2      | Identified a scroll of acquirement
  3147 | D:2      | Acquired an amulet of regeneration
  3148 | D:2      | Slain by a goblin

Illustrated notes

Levels and vault maps discovered:
D:1:      dpeg_arrival_ratfight, layout_basic
D:2:      layout_basic, ebering_ecumenical_altar_ruins,
          kennysheep_generic_room_7, uniq_sigmund, uniq_natasha,
          uniq_crazy_yiuf_cottage

Skill      XL: |  1  2  3 |
---------------+----------+-----
Stealth        | 2 |  2.6
Dodging        | 3 |  3.4
Spellcasting   | |  3.7

Action                   |  1- 3 |  4- 6 || total
-------------------------+-------+-------++-------
Melee: Unarmed           |     3 |       ||     3
       Short sword       |    26 |     4 ||    30
 Cast: Freeze            |    52 |    21 ||    73
  Use: Scroll            |     1 |     1 ||     2
       Potion            |       |     4 ||     4
 Stab: Sleeping          |       |     1 ||     1
Armor: Robe              |    21 |     4 ||    25
Dodge: Dodged            |    51 |    20 ||    71

Table legend: (Time is in decaauts)
 A = Elapsed time spent in this place.
 B = Non-inter-level travel time spent in this place.
 C = Inter-level travel time spent in this place.
 D = Time resting spent in this place.
 E = Time spent auto-exploring this place.
 F = Levels seen in this place.
 G = Mean time per level.
                   A        B        C        D        E       F      G
               +--------+--------+--------+--------+--------+-----+--------+
         Total |   3152 |   3085 |     67 |   1661 |    828 |   2 | 1576.0 |
       Dungeon |   3152 |   3085 |     67 |   1661 |    828 |   2 | 1576.0 |
               +--------+--------+--------+--------+--------+-----+--------+

Top non-repeatable levels by time:
     D:1: 1859 daAuts
     D:2: 1293 daAuts
